 Dungeon Crawl Stone Soup version 0.25.0-11-g1f837a76a1 (webtiles) character file.

Game seed: 13981013183230273535

10901 Acheron the Cleaver (level 11, -8/145 HPs)
             Began as a Minotaur Fighter on June 24, 2020.
             Mangled by Jorgrun
             ... wielding an uncursed staff of earth
              (13 damage)
             ... on level 1 of the Orcish Mines.
             The game lasted 00:46:43 (11124 turns).

Acheron the Cleaver (Minotaur Fighter)             Turns: 11124, Time: 00:46:44

Health: -8/145     AC: 12    Str: 21    XL:     11   Next: 42%
Magic:  15/15      EV: 10    Int:  6    God:
Gold:   638        SH: 12    Dex: 12    Spells: 17/17 levels left

rFire    . . .     SeeInvis .   a - +0 war axe
rCold    . . .     Gourm    .   c - +1 kite shield
rNeg     . . .     Faith    .   s - +3 leather armour {MR+}
rPois    .         Spirit   .   (helmet restricted)
rElec    .         Reflect  .   N - +0 cloak
rCorr    .         Harm     .   D - +0 pair of gloves
MR       +....                  E - +2 pair of boots
Stlth    ..........             (no amulet)
HPRegen  0.34/turn              (no ring)
MPRegen  0.14/turn              (no ring)

@: mighty, berserking, grasped by roots, constricted, very quick
A: retaliatory headbutt, horns 2
a: no special abilities


You were on level 1 of the Orcish Mines.
You were not hungry.

You visited 3 branches of the dungeon, and saw 14 of its levels.
You also visited: Sewer.

You collected 638 gold pieces.

Inventory:

Hand Weapons
 a - a +0 war axe (weapon)
 m - a +2 whip of electrocution
 M - a +2 whip of flaming
 P - a +2 falchion of protection
Missiles
 b - 7 javelins (quivered)
 i - 281 stones
 y - 65 sling bullets
 G - 30 poisoned darts
 I - a boomerang
 L - 5 atropa-tipped darts
Armour
 c - a +1 kite shield (worn)
 s - a +3 leather armour of magic resistance (worn)
 D - a +0 pair of gloves (worn)
 E - a +2 pair of boots (worn)
 N - a +0 cloak (worn)
Jewellery
 x - an uncursed ring of magical power
 O - an uncursed ring of fire
Wands
 q - a wand of flame (33)
 u - a wand of paralysis (6)
 A - a wand of polymorph (9)
 H - a wand of iceblast (6)
 J - a wand of digging (4)
 U - a wand of enslavement (9)
Scrolls
 e - 6 scrolls of remove curse
 g - a scroll of fear
 l - 2 scrolls of magic mapping
 t - a scroll of enchant armour
 z - 5 scrolls of teleportation
 B - a scroll of blinking
 C - a scroll of fog
Potions
 d - a potion of might
 h - 3 potions of curing
 j - 3 potions of cancellation
 k - 7 potions of flight
 o - 3 potions of mutation
 p - 2 potions of haste
 r - 3 potions of brilliance
 v - 2 potions of lignification {unknown}
 w - 2 potions of berserk rage
 F - a potion of degeneration
 K - a potion of invisibility
 R - 2 potions of stabbing
Comestibles
 f - 18 rations
 n - 6 chunks of flesh


   Skills:
 * Level 9.2 Fighting
 * Level 11.0 Axes
 * Level 1.3 Throwing
 * Level 6.7 Armour
 * Level 6.5 Dodging
 * Level 5.5 Stealth
 * Level 7.6 Shields
 * Level 3.8 Spellcasting
 * Level 5.1 Evocations


You had 17 spell levels left.
You didn't know any spells.
Your spell library contained the following spells:

 Spells                   Type           Power        Failure   Level  Hunger
 Confusing Touch          Hex            #.......     97%         3    ####...
 Gell's Gravitas          Tloc           #.........   97%         3    ####...
 Petrify                  Tmut/Erth      #.......     100%        4    #####..
 Metabolic Englaciation   Hex/Ice        #.........   100%        5    ######.
 Yara's Violent Unravell  Hex/Tmut       #.........   100%        5    ######.


Dungeon Overview and Level Annotations

Branches:
Dungeon (12/15)            Temple (1/1) D:7             Orc (1/2) D:12
  Sewer (visited)
   Lair: D:8-11

Altars:
Ashenzari
Cheibriados
Dithmenos
Elyvilon
Fedhas
Gozag
Hepliaklqana
Nemelex Xobeh
Okawaru
Qazlal
Ru
Trog
Uskayaw
Vehumet
Wu Jian
Xom
Yredelemnul
Zin
The Shining One

Shops:
D:9 :

Annotations:
Orc:1 Jorgrun


Innate Abilities, Weirdness & Mutations

You reflexively headbutt those who attack you in melee.
You have a pair of horns on your head.


Message History

You slash Jorgrun! You headbutt Jorgrun!!
Jorgrun is severely wounded.
Jorgrun drinks a potion.
Jorgrun is healed!
* * * LOW HITPOINT WARNING * * *
The grasping roots constrict you!
Jorgrun mutters some incantations to himself.
Jorgrun hits you but does no damage. Jorgrun crushes you.
* * * LOW HITPOINT WARNING * * *
x2 The grasping roots constrict you.
A red film seems to cover your vision as you go berserk!
You feel yourself moving faster!
You feel mighty!
You hit Jorgrun.
Jorgrun is heavily wounded.
Jorgrun hits you but does no damage. Jorgrun crushes you!
* * * LOW HITPOINT WARNING * * *
x2 The grasping roots constrict you.
You completely miss Jorgrun. You headbutt Jorgrun!
Jorgrun is heavily wounded.
You block Jorgrun's attack.
You die...

....... ..#....
....... ...#..$
....... $......
....... ....#..
.......#.......
...............
...............
.......@>......
......g......#.
.>.........###
..........##
.........##
......^..#
........##
...#.#.##


You could see Jorgrun.

Vanquished Creatures
  Kirke (D:12)
  4 two-headed ogres
  Pikel (D:7)
  Joseph (D:7)
  2 trolls
  A wyvern (D:9)
  A hog (D:11)
  2 wraiths (D:11)
  5 yaks (D:9)
  Duvessa (D:5)
  An orc warrior (D:9)
  A slave (D:7)
  3 phantoms
  5 sky beasts
  2 ice beasts
  2 ogres
  7 centaurs
  A big kobold (D:8)
  5 bullfrogs
  2 water moccasin zombies
  3 scorpions
  Dowan (D:5)
  2 wights (D:8)
  3 howler monkeys
  7 crimson imps
  2 hounds
  4 jellies
  A centaur zombie (D:9)
  A bullfrog skeleton (D:6)
  7 orc priests
  3 iguanas
  2 centaur skeletons
  Natasha (thrice) (D:3)
  9 orc wizards
  6 worker ants
  3 worker ant zombies
  A howler monkey skeleton (D:9)
  7 gnolls
  9 adders
  3 shadow imps
  12 oozes
  3 adder skeletons
  An adder zombie (D:7)
  8 worms
  3 dart slugs
  7 leopard geckos
  27 orcs
  2 ball pythons
  11 giant cockroaches
  4 goblins
  8 hobgoblins
  12 jackals
  3 quokkas
  12 bats
  9 frilled lizards
  10 kobolds
  10 rats
267 creatures vanquished.

Vanquished Creatures (others)
  4 humans (D:12)
  A slave (D:7)
  A frilled lizard (D:5)
  A fungus (D:10)
7 creatures vanquished.

Grand Total: 274 creatures vanquished

Notes
Turn   | Place    | Note
-------+----------+-------------------------------------------
     0 | D:1      | Acheron the Minotaur Fighter began the quest for the Orb.
     0 | D:1      | Reached XP level 1. HP: 19/19 MP: 0/0
   292 | D:1      | Reached XP level 2. HP: 27/27 MP: 1/1
   663 | D:2      | Reached skill level 1 in Dodging
   734 | D:3      | Reached XP level 3. HP: 30/33 MP: 2/2
   843 | D:3      | Reached skill level 3 in Axes
   843 | D:3      | Reached skill level 1 in Stealth
   986 | D:3      | Noticed Natasha
   994 | D:3      | Killed Natasha
   994 | D:3      | Reached XP level 4. HP: 24/40 MP: 3/3
  1214 | D:3      | Reached skill level 4 in Axes
  1214 | D:3      | Reached XP level 5. HP: 29/46 MP: 4/4
  1365 | D:3      | Noticed Natasha
  1372 | D:3      | Killed Natasha
  1479 | D:3      | Found a hazy altar of Hepliaklqana.
  1712 | D:3      | Noticed Natasha
  1723 | D:3      | Killed Natasha
  2161 | D:2      | Reached XP level 6. HP: 50/52 MP: 5/5
  2235 | D:2      | Noticed a moth of wrath
  2620 | D:4      | Found a shadowy altar of Dithmenos.
  2708 | D:4      | Reached skill level 5 in Axes
  3512 | D:4      | Found a hide-covered altar of Uskayaw.
  3521 | D:4      | Reached XP level 7. HP: 48/60 MP: 6/6
  3708 | D:3      | Found an iron altar of Okawaru.
  3722 | D:5      | Entered Level 5 of the Dungeon
  3734 | D:5      | Reached skill level 5 in Armour
  3760 | D:5      | Reached skill level 1 in Evocations
  3813 | D:5      | Reached skill level 5 in Fighting
  3881 | D:5      | Found a glowing drain.
  3916 | Sewer    | Entered a sewer
  4449 | Sewer    | Reached skill level 1 in Spellcasting
  4639 | D:5      | Noticed Dowan
  4639 | D:5      | Noticed Duvessa
  4661 | D:5      | Killed Dowan
  4663 | D:5      | Killed Duvessa
  4663 | D:5      | Reached XP level 8. HP: 54/68 MP: 8/8
  4820 | D:5      | Reached skill level 6 in Axes
  4968 | D:5      | Found a radiant altar of Vehumet.
  5871 | D:6      | Reached skill level 5 in Shields
  6052 | D:7      | Noticed Pikel
  6065 | D:7      | Killed Pikel
  6065 | D:7      | Reached skill level 7 in Axes
  6065 | D:7      | Reached XP level 9. HP: 56/75 MP: 11/11
  6272 | D:7      | Noticed Joseph
  6288 | D:7      | Killed Joseph
  6580 | D:7      | Found a shimmering altar of Xom.
  6582 | D:7      | Found a hide-covered altar of Uskayaw.
  6582 | D:7      | Found a basalt altar of Yredelemnul.
  6584 | D:7      | Found an ornate altar of the Wu Jian Council.
  6584 | D:7      | Found a shimmering altar of Xom.
  6584 | D:7      | Found a shimmering altar of Xom.
  6678 | D:7      | Found a staircase to the Ecumenical Temple.
  6684 | Temple   | Entered the Ecumenical Temple
  6983 | D:6      | Found a blossoming altar of Fedhas.
  7090 | D:6      | Found a white marble altar of Elyvilon.
  7143 | D:6      | Reached skill level 8 in Axes
  7356 | D:6      | Reached skill level 5 in Dodging
  8197 | D:8      | Found a basalt altar of Yredelemnul.
  8210 | D:8      | Found a sacrificial altar of Ru.
  8233 | D:8      | Reached XP level 10. HP: 86/86 MP: 13/13
  8946 | D:10     | Entered Level 10 of the Dungeon
  8946 | D:10     | Noticed a two-headed ogre
  8962 | D:9      | Noticed a two-headed ogre
  8979 | D:9      | Killed a two-headed ogre
  8979 | D:9      | Reached skill level 9 in Axes
  9172 | D:9      | Noticed a four-headed hydra
  9315 | D:9      | Found a shimmering altar of Xom.
  9344 | D:9      | Noticed a two-headed ogre
  9354 | D:9      | Killed a two-headed ogre
  9354 | D:9      | Reached skill level 5 in Stealth
  9650 | D:9      | Found Dapoul's Book Emporium.
 10053 | D:9      | Reached skill level 10 in Axes
 10355 | D:9      | Noticed a two-headed ogre
 10364 | D:9      | Killed a two-headed ogre
 10364 | D:9      | Reached XP level 11. HP: 72/95 MP: 15/15
 10716 | D:10     | Killed a two-headed ogre
 10919 | D:12     | Noticed Kirke
 11048 | D:12     | Killed Kirke
 11048 | D:12     | Reached skill level 11 in Axes
 11048 | D:12     | Reached skill level 1 in Throwing
 11048 | D:12     | Reached skill level 5 in Evocations
 11073 | D:12     | Found a staircase to the Orcish Mines.
 11113 | Orc:1    | Entered Level 1 of the Orcish Mines
 11113 | Orc:1    | Noticed Jorgrun
 11123 | Orc:1    | HP: 4/145 [Jorgrun/uncursed staff of earth (5)]
 11124 | Orc:1    | Mangled by Jorgrun

Illustrated notes

Levels and vault maps discovered:
D:1:      dpeg_arrival_ratfight, layout_basic, serial_glass, glass_columns_b,
          glass_columns_b
D:2:      layout_basic, minitemple, first_ration, tgw_trog, uniq_terence
D:3:      wad_river_or_something, layout_rooms, lemuel_coloured_pillars_altar,
          nicolae_overflow_hidden_temple, uniq_natasha
D:4:      layout_basic, grunt_dithmenos_shadows, nicolae_overflow_crystal_walls
D:5:      layout_cave_pods, fiery_altar_vehumet, portal_sewer_entry_f,
          serial_glass, glass_columns_a, glass_columns_b, uniq_duvessa
D:6:      layout_gridville, fedhas_bush_and_centaur_altar, lemuel_doored_altar,
          minmay_hedge_maze
D:7:      layout_loops_ring, doesnt_xom_only_xom, minmay_temple_entry_hall,
          uniq_joseph, uniq_pikel
D:8:      layout_cave_pods, lemuel_zombie_altar_kikubaaqudgha,
          lemuel_round_altar, kennysheep_mini, hangedman_little_slice_of_home
D:9:      layout_stronghold, serial_shops, shop, basic_altar
D:10:     layout_layer_cave, grunt_lair_entry_orc_guard_hut
D:11:     layout_basic, lemuel_angel_altar
D:12:     layout_loops_ring, orc_0_dummy, serial_shops, shop_coins, shop,
          uniq_kirke
Temple:   compressed_dpeg_triangle_lava_temple
Orc:1:    layout_caves, gammafunk_ghost_cemetery, uniq_erolcha, uniq_harold,
          uniq_jorgrun

Skill      XL: |  1  2  3  4  5  6  7  8  9 10 11 |
---------------+----------------------------------+-----
Dodging        | 1 2 3 4 5 6 |  6.5
Armour         | 4 5 6 |  6.7
Fighting       | 4 5 6 7 8 9 |  9.2
Axes           | 3 4 5 7 8 10 11 | 11.0
Stealth        | 1 2 3 4 5 |  5.5
Shields        | 4 5 6 7 |  7.6
Evocations     | 2 3 4 5 |  5.1
Spellcasting   | 1 2 3 |  3.8
Throwing       | 1 |  1.3

Action                   |  1- 3 |  4- 6 |  7- 9 | 10-12 || total
-------------------------+-------+-------+-------+-------++-------
Melee: War axe           |    71 |   182 |   367 |   231 ||   851
       Headbutt          |     7 |    32 |    66 |    58 ||   163
Throw: Dart              |       |       |     1 |     3 ||     4
       Stone             |       |       |     1 |       ||     1
       Javelin           |       |       |       |     9 ||     9
Evoke: Wand              |       |       |     1 |     4 ||     5
  Use: Scroll            |     5 |       |    11 |     6 ||    22
       Potion            |       |       |     1 |     6 ||     7
 Stab: Sleeping          |       |       |     3 |     7 ||    10
       Distracted        |       |       |       |     1 ||     1
  Eat: Chunk             |       |     9 |     9 |     3 ||    21
       Ration            |       |       |     2 |     2 ||     4
Armor: Scale mail        |    22 |    73 |    97 |       ||   192
       Skin              |       |       |     5 |       ||     5
       Leather armour    |       |       |    47 |    48 ||    95
Dodge: Dodged            |    22 |    55 |   127 |   115 ||   319
Block: Kite shield       |    35 |    83 |   231 |   152 ||   501
